 Dungeon Crawl Stone Soup version 0.29.0-13-gc9e81de378 (webtiles) character file.

Game seed: 11072302571235187223

20 Angani the Ducker (level 2, 0/18 HPs)
             Began as a Deep Elf Abyssal Knight on Sept 7, 2022.
             Was a Believer of Lugonu.
             Slain by Natasha (3 damage)
             ... on level 2 of the Dungeon.
             The game lasted 00:03:31 (1018 turns).

Angani the Ducker (Deep Elf Abyssal Knight)         Turns: 1018, Time: 00:03:32

Health: 0/18       AC:  8    Str: 14    XL:     2   Next: 58%
Magic:  5/5        EV: 12    Int: 13    God:    Lugonu [**....]
Gold:   55         SH:  0    Dex: 14    Spells: 1/1 levels left

rFire   . . .      SeeInvis .     - Unarmed
rCold   . . .      Faith    .   (no shield)
rNeg    . . .      Spirit   .   e - +0 leather armour {rPois}
rPois   +          Reflect  .   (no helmet)
rElec   .          Harm     .   (no cloak)
rCorr   .          Rampage  .   (no gloves)
Will    .....                   c - +0 pair of boots
Stlth   +.........              (no amulet)
HPRegen 0.06/turn               d - +4 ring of protection
MPRegen 0.09/turn               (no ring)

@: unable to drink
A: talons 1, strong 1, inability to drink after injury 1
a: Renounce Religion, Depart the Abyss, Bend Space


You were on level 2 of the Dungeon.
You worshipped Lugonu.
Lugonu was pleased with you.
You visited 1 branch of the dungeon, and saw 2 of its levels.
You visited the Abyss 1 time.

You collected 55 gold pieces.

Inventory:

Armour
 c - a +0 pair of boots (worn)
 e - a +0 leather armour of poison resistance (worn)
Jewellery
 d - a +4 ring of protection (left hand)


   Skills:
 + Level 2.6 Fighting
 - Level 0.7 Armour
 + Level 2.9 Dodging
 + Level 1.9 Unarmed Combat
 + Level 2.4 Invocations


You had one spell level left.
You didn't know any spells.
Your spell library contained the following spells:

 Spells                   Type           Power      Damage    Failure   Level
 Blink                    Tloc           0%         N/A       52%         2
 Manifold Assault         Tloc           0%         N/A       100%        5
 Storm Form               Tmut/Air       0%         N/A       100%        7


Dungeon Overview and Level Annotations

Branches:
Dungeon (2/15)

Altars:

Annotations:
D:2 Natasha


Innate Abilities, Weirdness & Mutations

You have sharp toenails.
Your muscles are strong. (Str +4, Int/Dex -1)
You occasionally lose the ability to drink potions when taking damage.


Message History

Natasha claws you but does no damage.
You closely miss Natasha.
Natasha is severely wounded.
Natasha casts a spell.
You hit Natasha but do no damage.
Natasha is severely wounded.
Natasha misses you. The crimson imp closely misses you.
You barely miss Natasha.
Natasha is severely wounded.
Natasha barely misses you. The crimson imp hits you.
You closely miss Natasha.
Natasha is severely wounded.
Natasha mumbles some strange words.
The crimson imp hits you.
You miss Natasha.
Natasha is severely wounded.
Natasha misses you.
You closely miss Natasha.
Natasha is severely wounded.
The crimson imp hits you but does no damage.
The crimson imp misses you. Natasha barely misses you.
You completely miss Natasha.
Natasha is severely wounded.
The crimson imp hits you.
The crimson imp grins evilly.
The crimson imp barely misses you. Natasha casts a spell at you.
The magic dart hits you!
You feel threatened and lose the ability to drink potions!
* * * LOW HITPOINT WARNING * * *
Unknown command.
You hit Natasha.
Natasha is almost dead.
The crimson imp hits you but does no damage.
The crimson imp closely misses you. Natasha completely misses you.
Unknown command.
You hit Natasha.
Natasha is almost dead.
The crimson imp closely misses you. x2; Natasha claws you.
You die...

#h #. ###.##
#######
....####.....
#.........
#.####.##
#.......#
######.h# #@5#
#.5# #..# ##.#
#.# #.# #.#
#.######
#......#####.#


You could see Natasha and 2 crimson imps.

Vanquished Creatures
  2 dart slugs (D:1)
  2 endoplasms (D:1)
  2 goblins (D:1)
  4 hobgoblins
  A ball python (D:1)
  A bat (D:1)
  3 rats (D:1)
15 creatures vanquished.

Notes
Turn   | Place    | Note
-------+----------+-------------------------------------------
     0 | Abyss:1  | Angani the Deep Elf Abyssal Knight began the quest for the
                  | Orb.
     0 | Abyss:1  | Reached XP level 1. HP: 13/13 MP: 4/4
     5 | D:1      | Escaped the Abyss
   156 | D:1      | Found a faded altar of an unknown god.
   303 | D:1      | Reached XP level 2. HP: 5/18 MP: 5/5
   987 | D:2      | Noticed Natasha
  1000 | D:2      | Gained mutation: You have sharp toenails. [potion of
                  | mutation]
  1000 | D:2      | Gained mutation: You occasionally lose the ability to drink
                  | potions when taking damage. [potion of mutation]
  1000 | D:2      | Gained mutation: Your muscles are strong. (Str +4, Int/Dex
                  | -1) [potion of mutation]
  1011 | D:2      | Noticed a crimson imp
  1014 | D:2      | Noticed a crimson imp
  1018 | D:2      | Slain by Natasha

Illustrated notes

Levels and vault maps discovered:
D:1:      dpeg_arrival_simpleton_c, layout_loops_ring,
          chequers_ecumenical_altar_simple_redux
D:2:      layout_loops_ring, uniq_terence, uniq_natasha

Action                   || total
-------------------------++-------
Melee: Unarmed           ||    71
  Use: Scroll            ||     5
       Potion            ||     3
Armor: Leather armour    ||    20
Dodge: Dodged            ||    37
